 Dungeon Crawl Stone Soup version 0.21-a0-88-g13b9641 (webtiles) character file.

67 sagitran the Ducker (level 4, -3/33 HPs)
             Began as a Gnoll Wanderer on June 27, 2017.
             Slain by a wight
             ... wielding a cursed +4 mace
              (7 damage)
             ... on level 3 of the Dungeon.
             The game lasted 00:09:57 (1503 turns).

sagitran the Ducker (Gnoll Wanderer)                Turns: 1503, Time: 00:10:00

Health: -3/33      AC:  5    Str: 13    XL:     4   Next: 16%
Magic:  6/6        EV: 13    Int: 10    God:
Gold:   106        SH:  0    Dex: 14    Spells: 3/3 levels left

rFire    . . .     SeeInvis .   a - +2 falchion
rCold    . . .     Gourm    .   (no shield)
rNeg     . . .     Faith    .   w - +0 ring mail
rPois    .         Spirit   .   (no helmet)
rElec    .         Reflect  .   (no cloak)
rCorr    .         Harm     .   (no gloves)
MR       .....                  (no boots)
Stlth    +.........             (no amulet)
HPRegen  0.11/turn              (no ring)
MPRegen  0.10/turn              (no ring)

@: heavily drained
A: short attention span, fangs 1, strong nose
a: no special abilities


You were on level 3 of the Dungeon.
You were not hungry.

You visited 1 branch of the dungeon, and saw 3 of its levels.

You collected 106 gold pieces.

Inventory:

Hand Weapons
 a - a +2 falchion (weapon)
 e - a +0 spear
 k - a +1 dagger of venom
 m - a +0 club
 n - a +0 quarterstaff
 q - a +3 short sword of draining
Missiles
 g - 26 sling bullets (quivered)
 o - 18 poisoned needles
 p - 48 stones
Armour
 w - a +0 ring mail (worn)
Scrolls
 c - 2 scrolls of teleportation
 d - a scroll of amnesia {unknown}
 l - a scroll of remove curse
 r - a scroll of fear {unknown}
 s - a scroll of identify
 v - a scroll of enchant weapon {unknown}
Potions
 b - a potion of lignification {unknown}
 i - a potion of might
 j - a potion of magic {unknown}
 t - a potion of resistance {unknown}
 u - a potion of heal wounds {unknown}
Comestibles
 f - 4 bread rations
 h - 3 fruits


   Skills:
 + Level 1.6(0.5) Fighting
 + Level 5.8(4.5) Long Blades
 + Level 0.4(0.0) Staves
 + Level 6.1(4.9) Dodging
 + Level 3.8(2.6) Stealth
   Level 3.2(2.1) Evocations


You had 3 spell levels left.
You didn't know any spells.

Dungeon Overview and Level Annotations

Branches:
Dungeon (3/15)

Altars:


Innate Abilities, Weirdness & Mutations

You have a short attention span.
You have very sharp teeth.
Your uncanny sense of smell can sniff out nearby items.


Message History

The wight closely misses you.
You hit the wight. Your bite misses the wight.
The wight is moderately damaged.
You closely miss the wight. You bite the wight, but do no damage.
The wight is moderately damaged.
The wight hits you with a trident of freezing.
You feel drained. The wight freezes you.
You closely miss the wight.
The wight is moderately damaged.
The wight hits you with a trident of freezing!
You feel drained. The wight freezes you.
* * * LOW HITPOINT WARNING * * *
You hit the wight but do no damage.
The wight is moderately damaged.
The wight hits you with a trident of freezing.
* * * LOW HITPOINT WARNING * * *
You feel drained. The wight freezes you.
* * * LOW HITPOINT WARNING * * *
The wight hits you with an enchanted mace!
You die...

#... ...## #.... #...#
#.z.# ##############...#
##..†.†......##zz.#
........####.##.@.#####.
##.####.# #.##.........
..<.....####.........###
##.####..........#.#....
#.# #.########.#.# ###
#.# #..........#.# #.#
############ # #.# #.# ∆


You could see 3 wights.

Vanquished Creatures
  An adder (D:3)
  An ooze (D:1)
  A dart slug (D:1)
  4 leopard geckos
  An orc (D:3)
  A ball python (D:1)
  6 bats
  2 giant cockroaches
  6 goblins
  A hobgoblin (D:1)
  4 jackals (D:1)
  A quokka (D:2)
  5 frilled lizards
  8 kobolds
  4 rats (D:1)
46 creatures vanquished.

Notes
Turn   | Place    | Note
-------+----------+-------------------------------------------
     0 | D:1      | sagitran the Gnoll Wanderer began the quest for the Orb.
     0 | D:1      | sagitran set off with: a +2 falchion, a +0 short sword, a scroll of teleportation, a +0 robe, a +0 dagger, a bread ration
     0 | D:1      | Reached XP level 1. HP: 13/13 MP: 3/3
    44 | D:1      | Reached skill level 5 in Long Blades
    44 | D:1      | Reached skill level 5 in Dodging
   200 | D:1      | Reached XP level 2. HP: 16/19 MP: 4/4
   396 | D:1      | Reached XP level 3. HP: 8/25 MP: 5/5
   515 | D:1      | Reached skill level 6 in Dodging
   636 | D:1      | Reached skill level 1 in Fighting
  1416 | D:3      | Reached XP level 4. HP: 22/32 MP: 6/6
  1503 | D:3      | Slain by a wight

Vault maps used:
D:1:      scummos_arrival_checkerplants, grunt_decor_arrowhead
D:2:      first_bread, minivault_19
D:3:      grunt_qazlal_clouds

Skill      XL: |  1  2  3 |
---------------+----------+-----
Long Blades    | 5 |  5.8
Dodging        | 5 6 |  6.1
Fighting       | 1 |  1.6
Staves         | |  0.4
Stealth        | |  3.8
Evocations     | |  3.2

Action                   |  1- 3 |  4- 6 || total
-------------------------+-------+-------++-------
Melee: Falchion          |    74 |    10 ||    84
       Bite              |     6 |     1 ||     7
       Club              |    20 |       ||    20
       Dagger            |    18 |       ||    18
       Quarterstaff      |     1 |       ||     1
  Use: Scroll            |     2 |       ||     2
 Stab: Sleeping          |     8 |     1 ||     9
       Distracted        |     1 |       ||     1
  Eat: Royal jelly       |     1 |       ||     1
Armor: Robe              |    20 |       ||    20
Dodge: Dodged            |    94 |     6 ||   100
       Rpst.: Falchion   |     9 |       ||     9
